 Dungeon Crawl Stone Soup version 0.17-a0-854-g4a4ba72 (webtiles) character file.

585 namelastname112 the Twirler (level 7, -20/60 HPs)
             Began as a White Draconian Gladiator on Apr 28, 2015.
             Was an Initiate of Okawaru.
             Killed from afar by namelastname112's ghost (25 damage)
             ... with a bolt of negative energy
             ... on level 5 of the Dungeon.
             The game lasted 00:07:41 (4455 turns).

namelastname112 the Twirler (DrGl)                  Turns: 4455, Time: 00:07:42

Health: -20/60     AC: 10    Str: 22    XL:     7   Next: 15%
Magic:  7/7        EV: 12    Int: 14    God:    Okawaru [......]
Gold:   228        SH:  0    Dex: 13    Spells: 0 memorised, 6 levels left

rFire  . . .     SeeInvis .     a - +1 quarterstaff
rCold  + . .     Clarity  +     (armour unavailable)
rNeg   . . .     SustAb   .     (no shield)
rPois  .         Gourm    .     b - +0 hat
rElec  .         Spirit   .     (no cloak)
rCorr  .         Warding  .     p - +2 pair of gloves
rMut   .         Stasis   .     y - +0 pair of boots
MR     .....                    B - amulet of clarity
Stlth  +.........               (no ring)
                                (no ring)

@: mighty, brilliant, flying, heavily drained, not resistant to hostile
enchantments, very unstealthy
A: breathe frost, unfitting armour, antennae 1, talons 1, blink 2, cold
resistance 1, screaming 1, cold-blooded, AC +6
a: Breathe Frost, Blink, Renounce Religion


You were on level 5 of the Dungeon.
You worshipped Okawaru.
Okawaru was noncommittal.
You were not hungry.

You visited 1 branch of the dungeon, and saw 5 of its levels.

You collected 318 gold pieces.
You spent 90 gold pieces at shops.

Inventory:

Hand weapons
 a - a +1 quarterstaff (weapon)
Missiles
 c - 2 throwing nets (quivered)
 n - 36 bolts
 t - 5 javelins
Armour
 b - a +0 hat (worn)
 p - a +2 pair of gloves (worn)
 y - a +0 pair of boots (worn)
Jewellery
 B - an amulet of clarity (around neck)
Scrolls
 j - a scroll of enchant armour
 m - a scroll of blinking
 q - a scroll of remove curse
Potions
 g - a potion of brilliance
 k - 2 potions of restore abilities
 l - a potion of curing
 v - a potion of degeneration
Comestibles
 d - 4 bread rations
 o - 3 beef jerkies


   Skills:
 + Level 4.8(2.5) Fighting
 * Level 6.3(3.9) Staves
 - Level 1.7(0.0) Throwing
 + Level 4.1(1.9) Dodging


You had 6 spell levels left.
You didn't know any spells.

Dungeon Overview and Level Annotations

Branches:
Dungeon (5/15)
 Temple: D:4-7

Altars:
Elyvilon
Fedhas
Gozag
Okawaru
Qazlal
Ru
Trog
The Shining One

Shops:
D:4 ?   D:5 [?

Annotations:
D:5 namelastname112's ghost, experienced DrGl


Innate Abilities, Weirdness & Mutations

You can breathe waves of freezing cold.
You can buffet flying creatures when you breathe cold.
Your icy white scales are hard (AC +6).
Your body does not fit into most forms of armour.
Your flesh is cold resistant.
You are cold-blooded and may be slowed by cold attacks.
You have a pair of small antennae on your head.
You have sharp toenails.
You are good at translocating small distances at will.
You occasionally shout uncontrollably at your foes.


Message History

You closely miss namelastname112's ghost.
You tail-slap namelastname112's ghost, but do no damage.
Namelastname112's ghost is heavily damaged.
Namelastname112's ghost hits you but does no damage.
You barely miss namelastname112's ghost.
Namelastname112's ghost is heavily damaged.
The crimson imp puffs mist at you. Namelastname112's ghost hits you.
* * * LOW HITPOINT WARNING * * *
You closely miss namelastname112's ghost.
Namelastname112's ghost is heavily damaged.
Namelastname112's ghost hits you!
* * * LOW HITPOINT WARNING * * *
You closely miss namelastname112's ghost.
You tail-slap namelastname112's ghost.
Namelastname112's ghost is severely damaged.
Namelastname112's ghost screams, "I'll kill anyone who wants the ORB!"
Namelastname112's ghost breathes negative energy at you.
The bolt of negative energy hits you!
You feel drained.
You die...

#.....# #.## #.# #..#...####..#
####.# #....#....##...####.....
#....#.....#...#....##..
##.........#......####∩. #
###.....5........### #..
.########..............### #..
.......................# #.. ....
..........W@..<..## #.. ....#
###..............### ##..
....###...........P.P....## #...
............##....._......####...
.....#.#..#####...P.P.......##...
......_..## ##......##........#
.....#.#.# ##...######.....##
.........# ##### #......#
#.....#### #......<#


You could see namelastname112's ghost and a crimson imp.

Vanquished Creatures
  A sky beast (D:4)
  An ogre (D:4)
  A phantom (D:4)
  A scorpion (D:4)
  A hound (D:4)
  2 orc wizards (D:4)
  A worker ant (D:4)
  7 adders
  An ooze (D:1)
  A worm (D:2)
  3 giant geckos
  19 orcs
  A ball python (D:2)
  10 goblins
  3 hobgoblins
  5 jackals
  3 quokkas
  6 bats
  2 giant cockroaches
  7 giant newts
  12 kobolds
  18 rats
106 creatures vanquished.

Vanquished Creatures (others)
  An orc wizard (D:4)
  A hobgoblin (D:3)
2 creatures vanquished.

Grand Total: 108 creatures vanquished

Notes
Turn   | Place    | Note
--------------------------------------------------------------
     0 | D:1      | namelastname112, the Draconian Gladiator, began the quest for the Orb.
     0 | D:1      | Reached XP level 1. HP: 17/17 MP: 1/1
   196 | D:1      | Reached XP level 2. HP: 13/25 MP: 2/2
   907 | D:2      | Reached XP level 3. HP: 30/30 MP: 3/3
  1144 | D:2      | Found a sacrificial altar of Ru.
  1279 | D:2      | Reached skill level 4 in Staves
  1292 | D:2      | Reached XP level 4. HP: 31/38 MP: 4/4
  1465 | D:3      | Found an opulent altar of Gozag.
  1572 | D:3      | Found a white marble altar of Elyvilon.
  1939 | D:3      | Reached XP level 5. HP: 37/45 MP: 5/5
  2163 | D:3      | Found a glowing golden altar of the Shining One.
  2168 | D:3      | Found a bloodstained altar of Trog.
  2172 | D:3      | Found a stormy altar of Qazlal.
  2275 | D:4      | Found Ilukk's Magic Scroll Boutique.
  2338 | D:4      | Noticed an ogre
  2350 | D:4      | Killed an ogre
  2350 | D:4      | Reached skill level 5 in Staves
  2487 | D:4      | Reached XP level 6. HP: 26/52 MP: 6/6
  2897 | D:4      | Noticed a phantom
  2922 | D:4      | Killed a phantom
  2981 | D:4      | HP: 2/53 [poisoned by a kobold]
  2989 | D:4      | HP: 2/53 [poisoned by a kobold]
  3669 | D:4      | Reached skill level 6 in Staves
  3864 | D:5      | Entered Level 5 of the Dungeon
  3893 | D:4      | Your scales start taking on a icy white colour.
  3893 | D:4      | Gained mutation: Your flesh is cold resistant. [White Draconian growth]
  3893 | D:4      | Reached XP level 7. HP: 44/60 MP: 7/7
  3900 | D:4      | Gained mutation: You have a pair of small antennae on your head. [mutagenic meat]
  3901 | D:4      | Gained mutation: You can translocate small distances at will. [mutagenic meat]
  3902 | D:4      | Gained mutation: You occasionally shout uncontrollably at your foes. [mutagenic meat]
  3903 | D:4      | Gained mutation: You have sharp toenails. [mutagenic meat]
  3918 | D:5      | Found a blossoming altar of Fedhas.
  3931 | D:5      | Found Letinu's Magic Scroll Emporium.
  3946 | D:5      | Bought a scroll of blinking for 90 gold pieces
  3976 | D:5      | Found an iron altar of Okawaru.
  3989 | D:5      | Became a worshipper of Warmaster Okawaru
  4015 | D:5      | Found Alavvovi's Armour Shop.
  4058 | D:5      | Noticed namelastname112's ghost (experienced DrGl)
  4064 | D:5      | HP: 3/60 [namelastname112's ghost (14)]
  4440 | D:4      | Gained mutation: You are good at translocating small distances at will. [potion of beneficial mutation]
  4455 | D:5      | Killed from afar by namelastname112's ghost

Action                   |  1- 3 |  4- 6 |  7- 9 || total
-------------------------+-------+-------+-------++-------
Melee: Quarterstaff      |   105 |   242 |    25 ||   372
Throw: Throwing net      |       |     5 |       ||     5
  Use: Scroll            |       |       |    12 ||    12
       Potion            |       |       |     6 ||     6
 Stab: Sleeping          |     2 |       |       ||     2
  Eat: Chunk             |     1 |     6 |     7 ||    14
       Pizza             |       |     1 |       ||     1
